 Dungeon Crawl Stone Soup version 0.29.0-13-gc9e81de378 (webtiles) character file.

Game seed: 13816759879802453945

593 KamiKatze the Chopper (level 7, -7/43 HPs)
             Began as a Gargoyle Fighter on Sept 9, 2022.
             Was an Initiate of Trog.
             Mangled by Edmund
             ... wielding a +5 dire flail of protection
              (13 damage)
             ... on level 5 of the Dungeon.
             The game lasted 00:15:33 (5026 turns).

KamiKatze the Chopper (Gargoyle Fighter)            Turns: 5026, Time: 00:15:33

Health: -7/43      AC: 15    Str: 28    XL:     7   Next: 39%
Magic:  7/7        EV:  9    Int: 14    God:    Trog [......]
Gold:   226        SH:  4    Dex:  9    Spells: 6/6 levels left

rFire   . . .      SeeInvis .   a - +1 war axe
rCold   . . .      Faith    .   c - +0 buckler
rNeg    + . .      Spirit   .   b - +0 scale mail
rPois   ∞          Reflect  .   n - +0 helmet
rElec   +          Harm     .   (no cloak)
rCorr   .          Rampage  .   i - +1 pair of gloves
Will    .....                   (no boots)
Stlth   ..........              (no amulet)
HPRegen 0.14/turn               t - +6 ring of strength
MPRegen 0.10/turn               w - +6 ring of intelligence

@: mighty
A: sickness immunity, AC +4, negative energy resistance 1, electricity
resistance, torment resistance 1, petrification resistance
a: Renounce Religion


You were on level 5 of the Dungeon.
You worshipped Trog.
Trog was noncommittal.
You visited 2 branches of the dungeon, and saw 7 of its levels.
You also visited: Sewer.

You collected 226 gold pieces.

Inventory:

Hand Weapons
 a - a +1 war axe (weapon)
 g - a +0 trident
Missiles
 e - 7 poisoned darts (quivered)
 h - 38 stones
Armour
 b - a +0 scale mail (worn)
 c - a +0 buckler (worn)
 i - a +1 pair of gloves (worn)
 n - a +0 helmet (worn)
 A - a +0 chain mail
 D - a +0 kite shield
Jewellery
 t - a +6 ring of strength (left hand)
 w - a +6 ring of intelligence (right hand)
Wands
 v - a wand of charming (3)
 C - a wand of flame (13)
Scrolls
 f - 5 scrolls of identify
 l - 2 scrolls of teleportation
 q - a scroll of poison {unknown}
 B - a scroll of magic mapping
Potions
 d - 2 potions of might
 j - 4 potions of flight
 m - a potion of attraction {unknown}
 o - 2 potions of haste {unknown}
 p - 3 potions of curing {unknown}
 s - a potion of lignification {unknown}
 u - a potion of brilliance {unknown}


   Skills:
 - Level 4.0 Fighting
 * Level 5.7 Axes
 + Level 1.7 Throwing
 - Level 4.0 Armour
 + Level 4.0 Shields
 + Level 1.6 Evocations


You had 6 spell levels left.
You didn't know any spells.
Your spell library contained the following spells:

 Spells                   Type           Power      Damage    Failure   Level
 Magic Dart               Conj           0%         1d3       63%         1
 Call Imp                 Summ           0%         N/A       77%         2
 Dazzling Flash           Conj/Hex       0%         N/A       94%         3
 Mephitic Cloud           Conj/Pois/Air  0%         N/A       94%         3
 Agony                    Necr           0%         N/A       100%        5
 Silence                  Hex/Air        0%         N/A       100%        5
 Summon Forest            Summ/Tloc      0%         N/A       100%        5
 Summon Mana Viper        Hex/Summ       0%         N/A       100%        5
 Summon Cactus Giant      Summ           0%         N/A       100%        6


Dungeon Overview and Level Annotations

Branches:
Dungeon (6/15)             Temple (1/1) D:4           Sewer (visited)

Altars:
Dithmenos
Elyvilon
Fedhas
Gozag
Kikubaaqudgha
Makhleb
Okawaru
Ru
Sif Muna
Trog
Uskayaw
Xom
Zin
The Shining One

Annotations:
D:4 Dowan
D:5 Edmund


Innate Abilities, Weirdness & Mutations

You are immune to sickness and miasma.
Your stone body is resilient. (AC +4)
You are immune to poison.
You resist negative energy. (rN+)
You are resistant to electric shocks. (rElec)
You are resistant to unholy torment.
You are immune to petrification.


Message History

Throw: 8 darts (poison)
Press: ? - help, Q - select action, (/) - cycle Shift-Dir - straight line, f/p - Edmund
Aim: Edmund, wielding a +5 dire flail of protection and wearing a +2 leather armour of cold resistance (56% to hit)
You throw a poisoned dart.
The poisoned dart closely misses Edmund.
You feel very mighty all of a sudden.
Edmund drinks a potion.
Edmund goes berserk!
Edmund hits you with a +5 dire flail of protection! x2
Things that are here:
a +0 hand axe; 2 boomerangs; a +0 chain mail You barely miss Edmund.
Edmund closely misses you.
You barely miss Edmund. Edmund barely misses you. Edmund closely misses you.
Unknown command.
You closely miss Edmund. Edmund hits you but does no damage.
Edmund barely misses you.
You hit Edmund.
Edmund is lightly wounded.
Edmund hits you with a +5 dire flail of protection!
* * * LOW HITPOINT WARNING * * *
Edmund closely misses you.
You hit Edmund.
Edmund is lightly wounded.
Edmund hits you with a +5 dire flail of protection.
* * * LOW HITPOINT WARNING * * *
Edmund hits you with a +5 dire flail of protection!
* * * LOW HITPOINT WARNING * * *
You slash Edmund!
Edmund is moderately wounded.
You block Edmund's attack. Edmund misses you.
You feel much better.
Edmund hits you with a +5 dire flail of protection! x2
* * * LOW HITPOINT WARNING * * *
Edmund attacks as you move away!
Edmund hits you with a +5 dire flail of protection.
* * * LOW HITPOINT WARNING * * *
You feel much better.
Edmund hits you with a +5 dire flail of protection!
* * * LOW HITPOINT WARNING * * *
Edmund hits you with a +5 dire flail of protection!
You die...

...........###########'##
...........'...........#
...........#############
...........####
..............#
...........##.#
(###........##.#
........#######.#
##.#############@#
...........(((.@.#
.........(.#######
...........##....#
...........##....#
...........##....#####
'#'###@..>...........#########
## .#.#
#.#.....................# #.
##.###.#.....................#
#.


You could see Edmund (berserk).

Vanquished Creatures
  A black bear (D:5)
  2 kobold brigands (Sewer)
  A scorpion (D:4)
  2 hounds
  A jelly (D:6)
  2 orc priests
  An iguana (D:5)
  An adder (D:3)
  2 river rats (Sewer)
  3 dart slugs
  11 orcs
  6 ball pythons
  7 bats
  9 endoplasms
  11 hobgoblins
  2 jackals (Sewer)
  7 kobolds
  A frilled lizard (D:1)
  10 goblins
  7 rats
87 creatures vanquished.

Vanquished Creatures (others)
  A plant (Temple)
1 creature vanquished.

Grand Total: 88 creatures vanquished

Notes
Turn   | Place    | Note
-------+----------+-------------------------------------------
     0 | D:1      | KamiKatze the Gargoyle Fighter began the quest for the Orb.
     0 | D:1      | Reached XP level 1. HP: 14/14 MP: 1/1
    89 | D:1      | Reached skill level 2 in Axes
   106 | D:1      | Reached XP level 2. HP: 15/19 MP: 2/2
   671 | D:1      | Found a faded altar of an unknown god.
   675 | D:1      | Reached XP level 3. HP: 23/23 MP: 3/3
  1962 | D:3      | Found a glowing drain.
  1976 | D:3      | Reached XP level 4. HP: 23/29 MP: 4/4
  1985 | Sewer    | Entered a sewer
  2202 | Sewer    | Noticed a kobold brigand
  2205 | Sewer    | Noticed a kobold brigand
  2216 | Sewer    | Killed a kobold brigand
  2217 | Sewer    | Reached skill level 3 in Axes
  2217 | Sewer    | Reached XP level 5. HP: 26/33 MP: 5/5
  2222 | Sewer    | Killed a kobold brigand
  2223 | Sewer    | Reached skill level 4 in Axes
  2246 | Sewer    | Found a glowing silver altar of Zin.
  2410 | D:3      | Reached XP level 6. HP: 38/38 MP: 6/6
  2579 | D:3      | You fall into a shaft and drop 3 floors!
  2582 | D:5      | Entered Level 5 of the Dungeon
  2589 | D:5      | Noticed Edmund
  3023 | D:5      | Reached skill level 5 in Axes
  3172 | D:5      | Noticed a black bear
  3203 | D:5      | Killed a black bear
  3204 | D:5      | Reached skill level 1 in Throwing
  3204 | D:5      | Reached skill level 1 in Evocations
  3381 | D:3      | Reached XP level 7. HP: 28/43 MP: 7/7
  3600 | D:3      | Found a shimmering altar of Xom.
  3737 | D:3      | Found a sacrificial altar of Ru.
  3865 | D:4      | Found a staircase to the Ecumenical Temple.
  3894 | Temple   | Entered the Ecumenical Temple
  4258 | Temple   | Became a worshipper of Trog the Wrathful
  4476 | D:4      | Noticed Dowan
  5026 | D:5      | Mangled by Edmund

Illustrated notes

Levels and vault maps discovered:
D:1:      moated_graveyard_arrival, layout_basic,
          shapermc_ecumenical_altar_petra, minmay_tall_x
D:2:      layout_loops_ring, kennysheep_generic_room_3
D:3:      layout_basic, xom_teletrap_fun, nicolae_ru_path_of_blood,
          portal_sewer_entry_d
D:4:      layout_basic, minmay_temple_entry_proselytizer,
          minmay_misc_feat_rugged, minmay_misc_feat_x, feat_on_display,
          uniq_duvessa
D:5:      layout_basic, serial_glass, glass_columns_a, glass_columns_a,
          feat_on_display, uniq_prince_ribbit1, uniq_edmund
D:6:      layout_loops_ring, nicolae_overflow_hidden_temple,
          lemuel_doored_altar, uniq_maggie
Temple:   minmay_temple_forest_path

Skill      XL: |  1  2  3  4  5  6 |
---------------+-------------------+-----
Axes           | 2 3 4 5 |  5.7
Fighting       | 4 |  4.0
Armour         | 4 |  4.0
Shields        | 4 |  4.0
Throwing       | 1 |  1.7
Evocations     | 1 |  1.6

Action                   |  1- 3 |  4- 6 |  7- 9 || total
-------------------------+-------+-------+-------++-------
Melee: War axe           |   109 |    77 |    56 ||   242
Throw: Dart              |       |     5 |     4 ||     9
  Use: Scroll            |     3 |       |     7 ||    10
       Potion            |       |       |     3 ||     3
Armor: Scale mail        |    66 |    36 |    25 ||   127
Dodge: Dodged            |    54 |    28 |    26 ||   108
Block: Buckler           |    23 |    11 |    11 ||    45
